 Dungeon Crawl Stone Soup version 0.29-a0-416-g83a48905f1 (webtiles) character file.

Game seed: 6034316595846399230

226 jlumianski the Covered (level 5, -11/43 HPs)
             Began as a Demonspawn Fighter on May 16, 2022.
             Killed from afar by a gnoll (27 damage)
             ... with a bolt of acid
             ... on level 3 of the Dungeon.
             The game lasted 00:10:12 (2617 turns).

jlumianski the Covered (Demonspawn Fighter)         Turns: 2617, Time: 00:10:12

Health: -11/43     AC: 13    Str: 18    XL:     5   Next: 69%
Magic:  5/5        EV:  7    Int:  9    God:
Gold:   146        SH:  4    Dex: 13    Spells: 4/4 levels left

rFire   . . .      SeeInvis .   n - +1 hand axe (elec)
rCold   . . .      Faith    .   c - +0 buckler
rNeg    . . .      Spirit   .   p - +0 chain mail
rPois   .          Reflect  .   (no helmet)
rElec   .          Harm     .   y - +0 cloak
rCorr   .          Rampage  .   m - +0 pair of gloves
Will    .....                   (no boots)
Stlth   ..........              s - amulet of regeneration
HPRegen 0.94/turn               (no ring)
MPRegen 0.09/turn               (no ring)

@: no status effects
A: hooves 1, rugged brown scales 2
a: no special abilities


You were on level 3 of the Dungeon.
You visited 1 branch of the dungeon, and saw 3 of its levels.

You collected 146 gold pieces.

Inventory:

Hand Weapons
 a - a +0 war axe
 h - a +0 dagger
 n - a +1 hand axe of electrocution (weapon)
 u - a +1 vampiric whip
Missiles
 g - a boomerang
 j - 88 stones (quivered)
Armour
 b - a +0 scale mail
 c - a +0 buckler (worn)
 m - a +0 pair of gloves (worn)
 p - a +0 chain mail (worn)
 y - a +0 cloak (worn)
Jewellery
 s - an amulet of regeneration (around neck)
Wands
 x - a wand of digging (2)
Scrolls
 i - 3 scrolls of immolation
 k - a scroll of poison
 l - a scroll of blinking
 o - a scroll of noise
 q - a scroll of vulnerability {unknown}
 r - a scroll of fog {unknown}
Potions
 d - 2 potions of might
 e - a potion of curing
 f - 3 potions of flight
 t - a potion of brilliance {unknown}
 v - a potion of mutation {unknown}
 w - a potion of cancellation {unknown}
 z - a potion of lignification {unknown}
 A - 2 potions of haste {unknown}
 B - 2 potions of ambrosia {unknown}


   Skills:
 + Level 3.5 Fighting
 + Level 3.7 Axes
 + Level 3.7 Armour
 + Level 1.4 Dodging
 + Level 0.4 Stealth
 + Level 3.1 Shields


You had 4 spell levels left.
You didn't know any spells.
Your spell library contained the following spells:

 Spells                   Type           Power      Damage    Failure   Level
 Magic Dart               Conj           0%         1d3       100%        1
 Call Imp                 Summ           0%         N/A       100%        2
 Mephitic Cloud           Conj/Pois/Air  0%         N/A       100%        3


Dungeon Overview and Level Annotations

Branches:
Dungeon (3/15)

Altars:

Shops:
D:3 [


Innate Abilities, Weirdness & Mutations

You have large cloven feet.
You are mostly covered in rugged brown scales. (AC +2, +5% HP)


Message History

Found 2 viscous white potions.
Found a cloak and 2 orange potions.
Found a stone staircase leading up.
A goblin comes into view.
It is wielding a +0 club and carrying a wand of digging (2).
The goblin shouts!
You hit the worm but do no damage. You hit the worm.
Lightning courses through the worm!
The worm is almost dead.
The worm bites you.
You hit the worm. Lightning courses through the worm!!
You kill the worm!
Found 22 stones.
You slash the goblin!
You kill the goblin!
x - a wand of digging (2);
z - a coppery potion You now have 138 gold pieces (gained 8).
Things that are here:
a +0 club; a goblin corpse
Things that are here:
a +0 club; a goblin corpse
j - 88 stones (gained 15)
Found a stone staircase leading up.
Found a stone staircase leading down.
A - 2 orange potions You see here a +0 cloak.
y - a +0 cloak You start putting on your armour.
You continue putting on your +0 cloak. x4
You finish putting on your +0 cloak.
There is an open door here.
Found an escape hatch in the ceiling.
Found Huproabe's Antique Armour Emporium.
B - 2 viscous white potions You now have 146 gold pieces (gained 8).
A gnoll comes into view.
It is wielding a +0 whip and carrying a wand of acid (15).
There is an entrance to Huproabe's Antique Armour Emporium here.
The gnoll shouts!
The gnoll zaps a wand.
The bolt of acid hits you!!
Ouch! That really hurt!
The gnoll zaps a wand.
The bolt of acid hits you!!
Ouch! That really hurt!
You die...

####........######..#<
. #..<.......## ##.. #
## #...........## #..
#..............
#..........####
#####..#.......#
.........<....####.
#....#.∩.#...#.....
#..........@(....#
#......#.........#
#..........g.......
#.......#........##
#.......#........#
#.......#........#
#.......#........#
#.......#........#


You could see a gnoll.

Vanquished Creatures
  3 orc priests (D:2)
  4 gnolls
  An adder (D:2)
  A worm (D:3)
  3 dart slugs (D:1)
  11 orcs
  6 endoplasms
  2 giant cockroaches
  7 goblins
  2 hobgoblins (D:1)
  5 jackals (D:1)
  9 kobolds
  3 quokkas
  2 ball pythons (D:1)
  5 bats
  5 frilled lizards
  5 rats
74 creatures vanquished.

Notes
Turn   | Place    | Note
-------+----------+-------------------------------------------
     0 | D:1      | jlumianski the Demonspawn Fighter began the quest for the
                  | Orb.
     0 | D:1      | Reached XP level 1. HP: 18/18 MP: 1/1
   112 | D:1      | Gained mutation: You are partially covered in rugged brown
                  | scales. (AC +1, +3% HP) [demonic ancestry]
   112 | D:1      | Reached XP level 2. HP: 14/24 MP: 2/2
   775 | D:1      | Gained mutation: You have large cloven feet. [demonic
                  | ancestry]
   775 | D:1      | Reached XP level 3. HP: 24/29 MP: 3/3
  2076 | D:2      | Reached XP level 4. HP: 21/36 MP: 4/4
  2078 | D:2      | Reached skill level 1 in Dodging
  2374 | D:2      | Gained mutation: You are mostly covered in rugged brown
                  | scales. (AC +2, +5% HP) [demonic ancestry]
  2374 | D:2      | Reached XP level 5. HP: 27/43 MP: 5/5
  2599 | D:3      | Found Huproabe's Antique Armour Emporium.
  2617 | D:3      | Killed from afar by a gnoll

Illustrated notes

Levels and vault maps discovered:
D:1:      shiori_arrival_oz, layout_rooms
D:2:      layout_basic
D:3:      layout_rooms, serial_shops, nicolae_shop_stone,
          minmay_fractal_squares_diagonal_5

Skill      XL: |  1  2  3  4 |
---------------+-------------+-----
Axes           | 2 3 |  3.7
Armour         | 3 |  3.7
Shields        | 3 |  3.1
Dodging        | 1 |  1.4
Fighting       | |  3.5
Stealth        | |  0.4

Action                   |  1- 3 |  4- 6 || total
-------------------------+-------+-------++-------
Melee: War axe           |   109 |       ||   109
       Hand axe          |    21 |    65 ||    86
       Kick              |     4 |    12 ||    16
  Use: Scroll            |     7 |       ||     7
       Potion            |       |     1 ||     1
Armor: Scale mail        |    79 |       ||    79
       Chain mail        |    17 |    42 ||    59
Dodge: Dodged            |    67 |    32 ||    99
Block: Buckler           |    53 |    11 ||    64

Table legend: (Time is in decaauts)
 A = Elapsed time spent in this place.
 B = Non-inter-level travel time spent in this place.
 C = Inter-level travel time spent in this place.
 D = Time resting spent in this place.
 E = Time spent auto-exploring this place.
 F = Levels seen in this place.
 G = Mean time per level.
                   A        B        C        D        E       F      G
               +--------+--------+--------+--------+--------+-----+--------+
         Total |   2695 |   2648 |     47 |    298 |   1225 |   3 |  898.3 |
       Dungeon |   2695 |   2648 |     47 |    298 |   1225 |   3 |  898.3 |
               +--------+--------+--------+--------+--------+-----+--------+

Top non-repeatable levels by time:
     D:2: 1307 daAuts
     D:1: 1065 daAuts
     D:3: 322 daAuts
